 Dungeon Crawl Stone Soup version 0.17-a0-1945-gfe993df (webtiles) character file.

17 graki42 the Conjurer (level 2, -4/15 HPs)
             Began as a Deep Elf Conjurer on Sept 30, 2015.
             Slain by a river rat (5 damage)
             ... on level 1 of the Dungeon.
             The game lasted 00:02:03 (625 turns).

graki42 the Conjurer (Deep Elf Conjurer)             Turns: 625, Time: 00:02:04

Health: -4/15      AC:  2    Str:  8    XL:     2   Next: 44%
Magic:  0/8        EV: 13    Int: 19    God:
Gold:   36         SH:  0    Dex: 15    Spells: 2 memorised, 4 levels left

rFire  . . .     SeeInvis .     (no weapon)
rCold  . . .     Clarity  .     a - +0 robe
rNeg   . . .     SustAt   .     (no shield)
rPois  .         Gourm    .     (no helmet)
rElec  .         Spirit   .     (no cloak)
rCorr  .         Warding  .     (no gloves)
rMut   .         Stasis   .     (no boots)
MR     .....                    (no amulet)
Stlth  ++........               (no ring)
                                e - +3 ring of strength

@: not resistant to hostile enchantments, unstealthy
A: no striking features
a: no special abilities


You were on level 1 of the Dungeon.
You were not hungry.

You visited 1 branch of the dungeon, and saw 2 of its levels.

You collected 36 gold pieces.

Inventory:

Armour
 a - a +0 robe (worn)
Jewellery
 e - a +3 ring of strength (left hand)
 m - a cursed ring of teleportation {unknown}
Scrolls
 j - 2 scrolls of remove curse {unknown}
 k - a scroll of teleportation {unknown}
 l - a scroll of immolation {unknown}
Potions
 d - 3 potions of curing {unknown}
 f - 2 potions of flight {unknown}
 h - a potion of heal wounds {unknown}
Books
 b - a book of Conjurations

   Spells                             Type                      Level
   a - Magic Dart                     Conjuration                  1
   b - Searing Ray                    Conjuration                  2
   c - Dazzling Spray                 Conjuration/Hexes            3
   d - Fulminant Prism                Conjuration/Hexes            4
   e - Iskenderun's Mystic Blast      Conjuration                  4
   f - Iskenderun's Battlesphere      Conjuration/Charms           5
Comestibles
 c - a bread ration
 g - a beef jerky
 i - a meat ration


   Skills:
 + Level 2.4 Dodging
 + Level 2.4 Stealth
 + Level 3.1 Spellcasting
 + Level 5.1 Conjurations


You had 4 spell levels left.
You knew the following spells:

 Your Spells              Type           Power        Failure   Level  Hunger
a - Magic Dart            Conj           ###.         1%          1    None
b - Searing Ray           Conj           ###...       3%          2    ##.....


Dungeon Overview and Level Annotations

Branches:
Dungeon (2/15)

Altars:


Message History

Aim: a river rat (heavily wounded)
The searing ray misses the river rat.
The searing ray hits the plant.
The plant is lightly damaged.
The river rat bites you.
The searing ray hits the river rat.
The river rat is almost dead.
The river rat closely misses you.
There is an escape hatch in the ceiling here.
The river rat bites you!
* * * LOW HITPOINT WARNING * * *
A mysterious force pulls you upwards. The hatch slams shut behind you.
Casting: Searing Ray
Confirm with . or Enter, or press ? or * to list all spells.
Aiming: Magic Dart
Press: ? - help, Shift-Dir - straight line, f - river rat
Aim: a river rat (almost dead)
The magic dart hits the river rat.
The river rat is almost dead.
The river rat bites you.
You die...

## #.###.#.....###.........#
#...........# #########.#
#......##...###########.# ####
#.......#.###P#P#P#P#P#.## ...#
##^....##.#.............##
##.######...#....#<............##
.......##...#.##.#.............##
##.###.##...#..r.###P#P#P#P#P#.##
#..# #.#######..@..###########.##
#..###.......#...................
.......#####.#.....#####.....####
.......# #.#..#......#.........
.......# #........##.#.........
.......# #####.......#.........
.......# #.....#####.###.....
.......# #####+###)## #.# ######
.....^.# #......##..## #.# #.....


You could see a river rat.

Vanquished Creatures
  A worm (D:2)
  2 bats (D:2)
  2 hobgoblins (D:1)
  2 kobolds (D:1)
  A quokka (D:2)
  2 giant geckos
  2 giant newts (D:1)
  A goblin (D:1)
  A rat (D:2)
14 creatures vanquished.

Notes
Turn   | Place    | Note
--------------------------------------------------------------
     0 | D:1      | graki42 the Deep Elf Conjurer began the quest for the Orb.
     0 | D:1      | Reached XP level 1. HP: 10/10 MP: 6/6
   394 | D:2      | Reached XP level 2. HP: 15/15 MP: 2/8
   401 | D:1      | Learned a level 2 spell: Searing Ray
   459 | D:2      | Reached skill level 5 in Conjurations
   625 | D:1      | Slain by a river rat

Vault maps used:
D:1:      minmay_arrival_plants_in_alcoves
D:2:      wad_woods_tower, grunt_ministairs_12, eino_tiny_chamber,
          minmay_misc_feat_nine_boxes, uniq_crazy_yiuf_cottage

Action                   || total
-------------------------++-------
 Cast: Magic Dart        ||    28
       Searing Ray       ||     2
